 Dungeon Crawl Stone Soup version 0.29.1-15-g9cfb28693d (webtiles) character file.

Game seed: 2579532223649118649

7 Descartes the Charlatan (level 1, 0/12 HPs)
             Began as a Deep Elf Wanderer on Apr 15, 2023.
             Slain by a jackal (3 damage)
             ... on level 1 of the Dungeon.
             The game lasted 00:01:33 (235 turns).

Descartes the Charlatan (Deep Elf Wanderer)          Turns: 235, Time: 00:01:34

Health: 0/12       AC:  2    Str: 10    XL:     1   Next: 83%
Magic:  1/5        EV: 11    Int: 16    God:
Gold:   0          SH:  4    Dex: 13    Spells: 2/3 levels left

rFire   . . .      SeeInvis .   a - +0 dagger
rCold   . . .      Faith    .   b - +0 buckler
rNeg    . . .      Spirit   .   d - +0 robe
rPois   .          Reflect  .   (no helmet)
rElec   .          Harm     .   (no cloak)
rCorr   .          Rampage  .   (no gloves)
Will    .....                   (no boots)
Stlth   +.........              (no amulet)
HPRegen 0.04/turn               (no ring)
MPRegen 0.09/turn               (no ring)

@: no status effects
A: no striking features
a: no special abilities


You were on level 1 of the Dungeon.
You visited 1 branch of the dungeon, and saw 1 of its levels.

Inventory:

Hand Weapons
 a - a +0 dagger (weapon)
Armour
 b - a +0 buckler (worn)
 d - a +0 robe (worn)
Wands
 e - a wand of quicksilver (3)
Scrolls
 c - a scroll of fear


   Skills:
 - Level 1.5 Fighting
 + Level 1.5 Dodging
 - Level 1.5 Shields
 + Level 1.9 Spellcasting
 - Level 1.1 Transmutations
 + Level 0.6 Fire Magic
 + Level 0.5 Poison Magic
 - Level 1.0 Invocations
 - Level 2.1 Evocations


You had 2 spell levels left.
You knew the following spells:

 Your Spells              Type           Power      Damage    Failure   Level
a - Sting                 Tmut/Pois      16%        1d3       21%         1

Your spell library contained the following spells:

 Spells                   Type           Power      Damage    Failure   Level
 Ignite Poison            Fire/Tmut/Pois 3%         N/A       52%         3


Dungeon Overview and Level Annotations

Branches:
Dungeon (1/15)

Altars:


Message History

The sting hits the jackal.
The jackal looks even sicker.
The jackal is heavily wounded.
You kill the jackal!
The jackal bites you but does no damage.
Unknown command.
Casting: Sting (safe; 21% risk of failure)
Confirm with . or Enter, or press ? or * to list all spells.
You don't have enough magic to cast this spell.
Unknown command.
The jackal bites you.
You see here a hobgoblin corpse.
The jackal attacks as you move away! The jackal closely misses you.
The jackal bites you. The jackal attacks as you move away!
The jackal closely misses you.
You see here a quokka corpse.
The jackal closely misses you.
Casting: Sting (safe; 21% risk of failure)
Confirm with . or Enter, or press ? or * to list all spells.
Aiming: Sting (safe; 21% risk of failure)
Press: ? - help, Shift-Dir - straight line, f - jackal
Aim: a jackal (55% to hit)
You miscast Sting.
You are very lightly contaminated with residual magic.
Nothing appears to happen.
The jackal barely misses you. The jackal bites you.
Casting: Sting (safe; 21% risk of failure)
Confirm with . or Enter, or press ? or * to list all spells.
You don't have enough magic to cast this spell.
Unknown command.
The jackal attacks as you move away! The jackal bites you.
The jackal bites you but does no damage.
The jackal attacks as you move away! You block the jackal's attack.
You block the jackal's attack.
Your magical contamination has completely faded away.
There is an open door here.
The jackal attacks as you move away! The jackal barely misses you.
The jackal bites you.
* * * LOW HITPOINT WARNING * * *
The jackal attacks as you move away! The jackal completely misses you.
The jackal attacks as you move away! The jackal bites you.
You die...

#####.#†# ##...##
#.....#.####.....###
#.#####.##'.......'##
#.#####.#.##.....##.#
#.......##.##...##.##
#####.#####'##.##'##
#..# ##.##.##.##
##.###...#'#...##
#).'h@<.'.'..(.#
#####...###...##
##.## ##.## ### ###


You could see a jackal.

Vanquished Creatures
  2 hobgoblins (D:1)
  A jackal (D:1)
  A quokka (D:1)
  A bat (D:1)
  A rat (D:1)
6 creatures vanquished.

Notes
Turn   | Place    | Note
-------+----------+-------------------------------------------
     0 | D:1      | Descartes the Deep Elf Wanderer began the quest for the
                  | Orb.
     0 | D:1      | Descartes set off with the following items: a +0 dagger, a
                  | +0 buckler, a scroll of fear, a +0 robe, a wand of
                  | quicksilver (3); and the following spell memorised: Sting;
                  | and the following spells available to memorise: Ignite
                  | Poison.
     0 | D:1      | Reached XP level 1. HP: 12/12 MP: 5/5
   235 | D:1      | Slain by a jackal

Illustrated notes

Levels and vault maps discovered:
D:1:      dpeg_arrival_rhombi, layout_basic

Action                   || total
-------------------------++-------
 Cast: Sting             ||    10
Armor: Robe              ||     2
Dodge: Dodged            ||    11
Block: Buckler           ||     2
